AoeStats
← UMIT BESEN

Arabia

509980890Analyzed
1v1 RM · 2d ago on Sep 28, 2026· 65m 9s· 2 players
Game mode
Random Map
Map size
Tiny (2 player)
Population
200
Speed
Normal
Resources
Standard
Victory
Conquest
Starting age
Dark Age
Ending age
Imperial Age
RankedLock teamsTeams togetherTeam positionsShared explorationLock speedFull tech treeHidden civsTurbo modeCheats
Victory
Defeat
🇹🇷 Goths · Türkiye
1255
+17
1277
-17
UMIT BESEN
0:45 Loom
10:31 Feudal Age
10:57 Double-Bit Axe
23:47 Castle Age
22:41 Horse Collar
22:56 Stone Mining
23:02 Fletching
29:26 Wheelbarrow
29:28 Scale Mail Armor
30:13 Pikeman
30:55 Squires
31:22 Heavy Plow
32:01 Bow Saw
32:34 Forging
33:29 Chain Mail Armor
33:20 Man-at-Arms
35:14 Iron Casting
34:01 Long Swordsman
35:44 Hand Cart
35:16 Town Watch
35:30 Gold Mining
42:55 Imperial Age
41:30 Anarchy
44:41 Two-Man Saw
45:31 Blast Furnace
45:04 Conscription
47:13 Elite Huskarl
48:57 Perfusion
48:23 Two-Handed Swordsman
51:06 Crop Rotation
50:17 Champion
53:32 Bodkin Arrow
61:19 Halberdier
65:23 Bracer
twitch.tv/merusaking <4bis>
6:20 Loom
8:44 Feudal Age
9:33 Double-Bit Axe
15:46 Fletching
22:18 Castle Age
22:21 Crossbowman
22:57 Bodkin Arrow
23:20 Bow Saw
23:26 Gold Mining
24:08 Thumb Ring
25:11 Scale Barding Armor
25:08 Padded Archer Armor
25:56 Wheelbarrow
27:15 Husbandry
28:16 Bloodlines
28:14 Stone Mining
29:20 Man-at-Arms
30:36 Squires
30:47 Forging
30:33 Long Swordsman
32:21 Scale Mail Armor
35:41 Chain Mail Armor
37:07 Iron Casting
36:57 Leather Archer Armor
41:03 Horse Collar
42:21 Stone Shaft Mining
45:33 Imperial Age
43:19 Hand Cart
44:34 Ballistics
45:36 Two-Handed Swordsman
48:26 Blast Furnace
48:43 Conscription
48:02 Champion
50:07 Chemistry
51:00 Plate Mail Armor
52:02 Bracer
54:27 Leather Archer Armor
56:24 Parthian Tactics
56:17 Light Cavalry
59:43 Hussar
59:51 Hussar
61:35 Scale Barding Armor
63:12 Chain Barding Armor
Connection lost

Rejoining the realm…

Still unreachable

The connection could not be restored.

Session expired

The server has moved on; the page needs a fresh start.